 Dungeon Crawl Stone Soup version 0.28.0-45-g0d030f2227 (webtiles) character file.

Game seed: 16027360117021328864

12848 Eitelfritz the Basher (level 11, -6/97 HPs)
             Began as a Minotaur Gladiator on Apr 6, 2022.
             Was a Priest of Okawaru.
             Mangled by a two-headed ogre
             ... wielding a +0 giant club
              (24 damage)
             ... on level 11 of the Dungeon.
             The game lasted 00:33:14 (9455 turns).

Eitelfritz the Basher (Minotaur Gladiator)          Turns: 9455, Time: 00:33:14

Health: -6/97      AC: 11    Str: 22    XL:     11   Next: 67%
Magic:  13/13      EV: 14    Int:  7    God:    Okawaru [***...]
Gold:   739        SH:  0    Dex: 11    Spells: 14/14 levels left

rFire   . . .      SeeInvis +   a - +3 flail (vorpal)
rCold   . . .      Faith    .   (no shield)
rNeg    . . .      Spirit   .   l - +0 troll leather armour
rPois   .          Reflect  .   N - +2 hat
rElec   .          Harm     .   o - +0 cloak
rCorr   +          Rampage  .   e - +0 pair of gloves
Will    .....                   v - +0 pair of boots
Stlth   ++........              (no amulet)
HPRegen 1.06/turn               i - ring of resist corrosion
MPRegen 0.13/turn               w - ring of see invisible

@: no status effects
A: horns 2, retaliatory headbutt
a: Renounce Religion, Heroism


You were on level 11 of the Dungeon.
You worshipped Okawaru.
Okawaru was most pleased with you.
You visited 2 branches of the dungeon, and saw 12 of its levels.
You also visited: Bailey.

You collected 837 gold pieces.
You spent 98 gold pieces at shops.

Inventory:

Hand Weapons
 a - a +3 vorpal flail (weapon)
 b - a +2 arbalest
 B - a +2 flail of holy wrath
Missiles
 c - a silver boomerang
 d - a throwing net
 k - 46 bolts
 t - 28 poisoned darts
 y - 6 javelins
 C - 11 boomerangs (quivered)
 Q - 4 datura-tipped darts
 R - 11 curare-tipped darts
 S - 4 atropa-tipped darts
Armour
 e - a +0 pair of gloves (worn)
 l - a +0 troll leather armour (worn)
 o - a +0 cloak (worn)
 v - a +0 pair of boots (worn)
 E - the +2 ring mail "Ylaekeor" {rElec rCorr Str-3 Int+6}
   (You found it on level 6 of the Dungeon)

   Str:       It affects your strength (-3).
   Int:       It affects your intelligence (+6).
   rElec:     It insulates you from electricity.
   rCorr:     It protects you from acid and corrosion.
 N - a +2 hat (worn)
Jewellery
 i - a ring of resist corrosion (left hand)
 w - a ring of see invisible (right hand)
 K - a ring of fire
 P - a +6 ring of intelligence
Wands
 r - a wand of polymorph (7)
 u - a wand of acid (7)
 I - a wand of iceblast (6)
Scrolls
 f - 3 scrolls of identify
 g - 2 scrolls of vulnerability
 h - 2 scrolls of immolation
 j - a scroll of fog
 m - 4 scrolls of blinking
 H - a scroll of fear
 J - 4 scrolls of teleportation
 M - 5 scrolls of magic mapping
Potions
 n - 3 potions of haste
 p - 3 potions of curing
 q - 2 potions of brilliance
 s - a potion of flight
 x - 3 potions of heal wounds
 z - 2 potions of mutation
 A - a potion of resistance
 D - a potion of invisibility
 F - a potion of degeneration {unknown}
 G - a potion of attraction
 O - a potion of might


   Skills:
 + Level 9.1 Fighting
 + Level 13.1 Maces & Flails
 + Level 9.3 Crossbows
 + Level 4.2 Throwing
 + Level 6.9 Armour
 + Level 7.5 Dodging
 + Level 3.9 Stealth
 + Level 3.4 Unarmed Combat
 + Level 2.0 Spellcasting
 + Level 3.3 Invocations
 + Level 2.8 Evocations


You had 14 spell levels left.
You didn't know any spells.
Your spell library contained the following spells:

 Spells                   Type           Power      Damage    Failure   Level
 Magic Dart               Conj           0%         1d3       38%         1
 Sandblast                Erth           0%         2d4       38%         1
 Passwall                 Tmut/Erth      0%         N/A       54%         2
 Searing Ray              Conj           0%         2d4       54%         2
 Ozocubu's Armour         Ice            0%         N/A       77%         3
 Stone Arrow              Conj/Erth      0%         3d7       77%         3
 Fulminant Prism          Conj/Hex       0%         3d6       99%         4
 Iskenderun's Mystic Bla  Conj/Tloc      0%         2d3       99%         4
 Blade Hands              Tmut           0%         N/A       100%        5
 Lee's Rapid Deconstruct  Erth           0%         3d5*      100%        5
 Statue Form              Tmut/Erth      0%         N/A       100%        6
 Ozocubu's Refrigeration  Ice            0%         4d5       100%        7


Dungeon Overview and Level Annotations

Branches:
Dungeon (11/15)            Temple (1/1) D:7            Lair (0/6) D:11
 Bailey (visited)
    Orc: D:9-12

Altars:
Ashenzari
Cheibriados
Dithmenos
Elyvilon
Fedhas
Gozag
Hepliaklqana
Kikubaaqudgha
Makhleb
Nemelex Xobeh
Okawaru
Qazlal
Ru
Sif Muna
Trog
Uskayaw
Vehumet
Wu Jian
Xom
Yredelemnul
Zin
The Shining One

Shops:
D:2 (   D:5 *


Innate Abilities, Weirdness & Mutations

You have a pair of horns on your head.
You reflexively headbutt those who attack you in melee.


Message History

Aim: a troll (moderately wounded, 67% to hit)
You shoot a bolt.
The bolt hits the troll but does no damage.
The troll is moderately wounded.
You hear a splash.
You hear two shouts!
A two-headed ogre comes into view. It is wielding two +0 giant clubs.
a - a +3 vorpal flail (weapon)
The troll bites you! The troll completely misses you. The troll claws you.
You barely miss the troll. Your headbutt misses the troll.
The troll is moderately wounded.
You hit the troll. Your headbutt misses the troll.
The troll is moderately wounded.
The troll bites you but does no damage. The troll claws you.
The troll claws you!
You sock the troll! You headbutt the troll.
The troll is severely wounded.
The troll bites you. The troll closely misses you. The troll barely misses you.
You sock the troll!
You kill the troll!
Okawaru accepts your kill.
The troll leather armour is intact enough to wear.
Things that are here:
a +0 troll leather armour; a troll corpse You hit the two-headed ogre but do no damage.
The two-headed ogre hits you with a +0 giant club.
The two-headed ogre hits you with a +0 giant club!!
You hit the two-headed ogre.
You headbutt the two-headed ogre, but do no damage.
The two-headed ogre is lightly wounded.
You sock the two-headed ogre!
The two-headed ogre is moderately wounded.
The two-headed ogre hits you with a +0 giant club!!
* * * LOW HITPOINT WARNING * * *
The two-headed ogre misses you.
You bludgeon the two-headed ogre!!
Your headbutt misses the two-headed ogre.
The two-headed ogre is severely wounded.
The two-headed ogre hits you with a +0 giant club!!
You die...

##.......#.# #######
####.......##.###
#......
..................
..#####
#####...#..###.#####
##.##.#.........
#.#.###†#.######
................
.................
≈..≈......@....... #
.≈..≈≈≈≈≈≈.O≈≈≈....
# ≈≈≈≈≈≈(≈≈(≈≈≈≈≈...
# ≈≈≈((≈≈(≈≈≈≈≈≈..
≈:.≈...(≈≈≈.....
≈≈.....=≈≈≈≈≈≈.(
..>..(.(..(....
≈....≈.≈≈≈≈≈≈..


You could see a two-headed ogre.

Vanquished Creatures
  A centaur warrior (D:10)
  2 two-headed ogres (D:10)
  Pikel (D:8)
  A cyclops (D:11)
  A manticore (D:8)
  3 trolls
  A slime creature (D:9)
  A shadow (D:10)
  Sigmund (D:2)
  21 yaks
  2 wraiths (D:10)
  8 orc warriors
  2 black bears (D:6)
  2 ice beasts (D:7)
  A necrophage (D:6)
  4 ogres
  3 centaurs (D:9)
  4 lemures (D:8)
  7 kobold brigands
  Blork the orc (D:4)
  A bullfrog (D:7)
  A scorpion (D:5)
  A wyvern zombie (D:7)
  A water moccasin zombie (D:6)
  A wyvern skeleton (D:4)
  5 wights (D:7)
  4 killer bees (D:9)
  2 centaur zombies
  7 hounds (D:11)
  2 jellies (D:6)
  3 centaur skeletons
  6 orc priests
  2 gnoll shamans (D:9)
  Jessica (D:3)
  5 iguanas
  9 orc wizards
  A killer bee zombie (D:5)
  A hound skeleton (D:5)
  3 howler monkey zombies
  8 gnolls
  4 adders
  2 white imps
  2 ufetubi
  2 worms
  3 dart slugs
  26 orcs
  8 ball pythons
  2 bats
  6 endoplasms
  2 giant cockroaches
  7 hobgoblins
  9 jackals
  12 kobolds
  2 quokkas (D:1)
  5 frilled lizards (D:1)
  12 goblins
  12 rats
247 creatures vanquished.

Vanquished Creatures (others)
  A plant (D:7)
1 creature vanquished.

Grand Total: 248 creatures vanquished

Notes
Turn   | Place    | Note
-------+----------+-------------------------------------------
     0 | D:1      | Eitelfritz the Minotaur Gladiator began the quest for the
                  | Orb.
     0 | D:1      | Reached XP level 1. HP: 18/18 MP: 0/0
   113 | D:1      | Reached XP level 2. HP: 6/25 MP: 1/1
   451 | D:1      | Reached skill level 4 in Maces & Flails
   455 | D:1      | Found a faded altar of an unknown god.
   563 | D:1      | Reached XP level 3. HP: 29/30 MP: 2/2
  1147 | D:2      | Found a burning altar of Makhleb.
  1349 | D:2      | Got the Catalogue of Transformation
  1408 | D:2      | Found Ozycue Zoij's Weapon Shop.
  1749 | D:2      | Noticed Sigmund
  1759 | D:2      | Killed Sigmund
  1760 | D:2      | Reached skill level 6 in Maces & Flails
  1760 | D:2      | Reached XP level 4. HP: 37/38 MP: 3/3
  1760 | D:2      | Reached XP level 5. HP: 44/45 MP: 4/4
  2226 | D:3      | Noticed Jessica
  2227 | D:3      | Killed Jessica
  2273 | D:3      | Reached XP level 6. HP: 51/51 MP: 5/5
  2795 | D:4      | Noticed Blork the orc
  2805 | D:4      | Killed Blork the orc
  2806 | D:4      | Reached skill level 7 in Maces & Flails
  2937 | D:4      | HP: 1/51 [ogre/+0 giant club (5)]
  3323 | D:4      | Reached XP level 7. HP: 39/59 MP: 6/6
  3666 | D:4      | Reached skill level 8 in Maces & Flails
  4116 | D:5      | Entered Level 5 of the Dungeon
  4116 | D:5      | Found Tienot's Assorted Antiques.
  4119 | D:5      | Bought a fuming red potion for 23 gold pieces
  4119 | D:5      | Bought a scroll labelled ULLUGEM TUNEDA for 26 gold pieces
  4119 | D:5      | Bought a murky coppery potion for 23 gold pieces
  4119 | D:5      | Bought a scroll labelled IMAFFA UCLIQU for 26 gold pieces
  4185 | D:5      | Noticed a troll
  4192 | D:5      | Killed a troll
  4479 | D:5      | Reached skill level 5 in Dodging
  4479 | D:5      | Reached XP level 8. HP: 67/67 MP: 7/7
  4578 | D:5      | Found a shadowy altar of Dithmenos.
  4721 | D:5      | Found a shimmering altar of Xom.
  4772 | D:5      | Reached skill level 1 in Crossbows
  4970 | D:5      | Reached skill level 10 in Maces & Flails
  4970 | D:5      | Reached XP level 9. HP: 75/75 MP: 7/11
  5556 | D:6      | Identified the +2 ring mail "Ylaekeor" {rElec rCorr Str-3
                  | Int+6}
  5563 | D:6      | Reached skill level 11 in Maces & Flails
  6097 | D:7      | Found a staircase to the Ecumenical Temple.
  6110 | D:7      | Reached skill level 5 in Crossbows
  6524 | D:7      | Found a glowing golden altar of the Shining One.
  6567 | D:8      | Noticed Pikel
  6602 | D:8      | Reached XP level 10. HP: 73/84 MP: 12/12
  6703 | D:8      | Killed Pikel
  6766 | D:8      | Noticed a manticore
  6770 | D:8      | Killed a manticore
  6795 | D:8      | Found a flagged portal.
  6819 | Bailey   | Entered a bailey
  7120 | Bailey   | Found a burning altar of Makhleb.
  7131 | Bailey   | Identified the +1 robe "Lizofyp" {rElec rPois Slay+3}
  7244 | Temple   | Entered the Ecumenical Temple
  7293 | Temple   | Became a worshipper of Warmaster Okawaru
  7840 | D:9      | Reached skill level 12 in Maces & Flails
  7892 | D:9      | Reached * piety under Okawaru
  7908 | D:9      | Reached XP level 11. HP: 85/94 MP: 13/13
  8460 | D:10     | Entered Level 10 of the Dungeon
  8639 | D:10     | Noticed a centaur warrior
  8656 | D:10     | Killed a centaur warrior
  8656 | D:10     | Reached ** piety under Okawaru
  8803 | D:10     | Noticed a two-headed ogre
  8823 | D:10     | Killed a two-headed ogre
  8905 | D:10     | Noticed a two-headed ogre
  8924 | D:10     | Killed a two-headed ogre
  8940 | D:10     | Reached *** piety under Okawaru
  9192 | D:10     | Found a broken altar of Ashenzari.
  9193 | D:10     | Found a basalt altar of Yredelemnul.
  9193 | D:10     | Found an ornate altar of the Wu Jian Council.
  9194 | D:10     | Found a snail-covered altar of Cheibriados.
  9312 | D:11     | Reached skill level 13 in Maces & Flails
  9439 | D:11     | Found a staircase to the Lair.
  9445 | D:11     | Noticed a two-headed ogre
  9455 | D:11     | Mangled by a two-headed ogre

Illustrated notes

Levels and vault maps discovered:
D:1:      dpeg_arrival_tiny_k, layout_basic, nicolae_ecumenical_lake_church,
          minmay_split_cup_large
D:2:      minmay_wonky_spiral, layout_rooms, basic_altar, serial_shops,
          nicolae_diamond_shop, hangedman_decor_peaks_small,
          minmay_rat_gold_closets, uniq_sigmund
D:3:      layout_loops_ring, uniq_jessica
D:4:      layout_loops_ring, minmay_close_crescents, uniq_blork_the_orc
D:5:      layout_loops_cross, nicolae_dithmenos_shadow_blocks,
          amcnicky_altar_gilded, serial_shops, nicolae_stop_n_shop_2
D:6:      layout_loops_ring
D:7:      layout_loops_cross, tso_altar, minmay_temple_entry_gardened_gates
D:8:      layout_basic, enter_bailey_3, uniq_pikel
D:9:      layout_cave_pools, minmay_misc_feat_roman, minivault_25_ag
D:10:     layout_basic, chequers_temple_overflow_statue_of_worship,
          eino_small_chamber_without_monster, minmay_quadrilaterals
D:11:     layout_loops_ring, erik_lair_island, minmay_misc_feat_diagonals
Temple:   nicolae_temple_no_exploring_needed

Skill      XL: |  1  2  3  4  5  6  7  8  9 10 11 |
---------------+----------------------------------+-----
Maces & Flails | 4 6 7 8 10 11 12 13 | 13.1
Fighting       | 3 4 6 8 9 |  9.1
Armour         | 2 3 4 6 |  6.9
Dodging        | 4 5 6 7 |  7.5
Crossbows      | 3 5 7 9 |  9.3
Throwing       | 4 |  4.2
Stealth        | 3 |  3.9
Unarmed Combat | 3 |  3.4
Spellcasting   | 2 |  2.0
Invocations    | 3 |  3.3
Evocations     | 2 |  2.8

Action                   |  1- 3 |  4- 6 |  7- 9 | 10-12 || total
-------------------------+-------+-------+-------+-------++-------
Melee: Flail             |   102 |    75 |   148 |   258 ||   583
       Headbutt          |     8 |     9 |    41 |    65 ||   123
       Punch             |     2 |       |     3 |     7 ||    12
 Fire: Arbalest          |       |       |    60 |   117 ||   177
Throw: Throwing net      |     2 |       |       |       ||     2
       Dart              |       |     1 |       |       ||     1
       Boomerang         |       |       |     1 |       ||     1
  Use: Scroll            |       |       |    13 |    11 ||    24
       Potion            |       |       |     1 |       ||     1
 Stab: Sleeping          |     1 |       |       |     1 ||     2
Armor: Leather armour    |    20 |     3 |       |       ||    23
       Scale mail        |       |    23 |    44 |       ||    67
       Troll leather arm |       |       |    32 |    65 ||    97
Dodge: Dodged            |    71 |    50 |   111 |   146 ||   378
